 Dungeon Crawl Stone Soup version 0.30-a0-457-g4b7bca3bfa (webtiles) character file.

Game seed: 5237862223247475774

61 MisterAzrael the Grave Robber (level 3, -3/24 HPs)
             Began as a Demonspawn Necromancer on Dec 12, 2022.
             Slain by an orc
             ... wielding a +0 hand axe
              (5 damage)
             ... on level 3 of the Dungeon.
             The game lasted 00:03:27 (1977 turns).

MisterAzrael the Grave Robber (DsNe)                Turns: 1977, Time: 00:03:27

Health: -3/24      AC:  2    Str:  8    XL:     3   Next: 83%
Magic:  2/7        EV: 12    Int: 20    God:
Gold:   134        SH:  0    Dex: 13    Spells: 7/8 levels left

rFire   . . .      SeeInvis .    s - +0 dagger
rCold   . . .      Faith    .    (no shield)
rNeg    . . .      Spirit   .    a - +0 robe
rPois   .          Reflect  .    (no helmet)
rElec   .          Harm     .    (no cloak)
rCorr   .          Rampage  .    (no gloves)
Will    .....                    (no boots)
Stlth   ++........               (no amulet)
HPRegen 0.24/turn                (no ring)
MPRegen 0.10/turn                (no ring)

@: no status effects
A: big brain 1
a: no special abilities


You were on level 3 of the Dungeon.
You visited 1 branch of the dungeon, and saw 3 of its levels.

You collected 134 gold pieces.

Inventory:

Hand Weapons
 s - a +0 dagger (weapon)
Missiles
 m - 3 boomerangs
 t - 7 poisoned darts
Armour
 a - a +0 robe (worn)
Scrolls
 e - a scroll of teleportation
 i - a scroll of silence {unknown}
 j - a scroll of blinking {unknown}
 k - a scroll of magic mapping {unknown}
 n - a scroll of noise {unknown}
 o - 2 scrolls of identify {unknown}
 q - a scroll of enchant weapon {unknown}
Potions
 b - 2 potions of magic
 c - a potion of degeneration {unknown}
 d - a potion of invisibility {unknown}
 f - a potion of resistance {unknown}
 g - 2 potions of heal wounds {unknown}
 h - a potion of cancellation {unknown}
 l - a potion of flight {unknown}
 p - a potion of attraction {unknown}
 r - a potion of mutation {unknown}


   Skills:
 - Level 1.9 Dodging
 - Level 2.0 Stealth
 + Level 3.0 Spellcasting
 + Level 5.2 Necromancy


You had 7 spell levels left.
You knew the following spells:

 Your Spells              Type           Power      Damage    Failure   Level
a - Necrotise             Necr           92%        1d8       1%          1

Your spell library contained the following spells:

 Spells                   Type           Power      Damage    Failure   Level
 Vampiric Draining        Necr           23%        2d7       4%          3
 Animate Dead             Necr           23%        N/A       17%         4
 Scorch                   Fire           6%         2d5       22%         2
 Agony                    Necr           23%        N/A       43%         5
 Flame Wave               Conj/Fire      3%         2d5       80%         4
 Summon Cactus Giant      Summ           1%         N/A       100%        6


Dungeon Overview and Level Annotations

Branches:
Dungeon (3/15)

Altars:

Shops:
D:1 (   D:2 [

Annotations:
D:3 Natasha


Innate Abilities, Weirdness & Mutations

You have an unusually large brain. (Int +2)


Message History

You hit the orc.
The orc is severely wounded.
Your orc skeleton hits the orc.
The orc closely misses you.
You closely miss the orc.
The orc is almost dead.
Your orc skeleton barely misses the orc.
The orc closely misses you.
Okay, then.
The orc attacks as you move away! The orc hits you with a +0 whip.
Your orc skeleton closely misses the orc.
Your orc skeleton hits the orc.
The orc closely misses you.
Things that are here:
a +0 dagger; 7 poisoned darts; a kobold corpse
s - a +0 dagger;
t - 7 poisoned darts The orc barely misses you.
s - a +0 dagger (weapon)
Your orc skeleton completely misses the orc.
You closely miss the orc.
The orc is almost dead.
The orc closely misses you.
Your orc skeleton hits the orc.
You closely miss the orc.
The orc is almost dead.
The orc hits you with a +0 whip.
You closely miss the orc.
The orc is almost dead.
Your orc skeleton closely misses the orc.
The orc hits you with a +0 whip.
You hit the orc.
The orc is almost dead.
You barely miss the orc.
The orc is moderately wounded.
The orc hits you with a +0 whip. The orc hits you with a +0 hand axe.
The orc hits your orc skeleton with a +0 hand axe.
Your orc skeleton hits the orc.
You barely miss the orc.
The orc is almost dead.
The orc hits you with a +0 whip.
* * * LOW HITPOINT WARNING * * *
The orc hits you with a +0 hand axe.
You die...

........#......#
#.......######.# .
........# #.
........###### ..#.
##...........###...##
###########.....# #.
####...)..#### .
####ooZ)####...... #
#...@#### ######
........# .........
.....<...# .........#
$.......## ...#>..##
#######


You could see 2 orcs and a friendly orc skeleton.

Vanquished Creatures
  2 adders
  A worm (D:2)
  2 orcs (D:3)
  2 bats
  3 endoplasms
  A giant cockroach (D:2)
  A goblin (D:1)
  3 hobgoblins
  2 jackals (D:3)
  2 kobolds
  3 quokkas
  5 ball pythons
  3 frilled lizards
  A rat (D:2)
31 creatures vanquished.

Vanquished Creatures (collateral kills)
  A ball python (D:1)
  2 bats (D:1)
  A kobold (D:3)
  A rat (D:1)
5 creatures vanquished.

Grand Total: 36 creatures vanquished

Notes
Turn   | Place    | Note
-------+----------+-------------------------------------------
     0 | D:1      | MisterAzrael the Demonspawn Necromancer began the quest for
                  | the Orb.
     0 | D:1      | Reached XP level 1. HP: 13/13 MP: 3/3
   244 | D:1      | Found Cassavoj's Weapon Boutique.
   356 | D:1      | Gained mutation: You have an unusually large brain. (Int
                  | +2) [demonic ancestry]
   356 | D:1      | Reached XP level 2. HP: 19/19 MP: 0/5
   536 | D:1      | Found a faded altar of an unknown god.
   736 | D:2      | Found Jyjaob's Antique Armour Shop.
   913 | D:2      | Reached XP level 3. HP: 24/24 MP: 3/6
  1428 | D:2      | Reached skill level 5 in Necromancy
  1818 | D:3      | Noticed Natasha
  1977 | D:3      | Slain by an orc

Illustrated notes

Levels and vault maps discovered:
D:1:      lightli_arrival_statuegarden, layout_rooms, serial_shops,
          nicolae_shop_waterfront, hellmonk_ecumenical_altar_pennies_from_heaven
D:2:      layout_loops_cross, serial_shops, nicolae_shop_hallway_stairs
D:3:      layout_rooms, kennysheep_doodads, uniq_natasha

Skill      XL: |  1  2  3 |
---------------+----------+-----
Stealth        | 2 |  2.0
Necromancy     | 5 |  5.2
Spellcasting   | 3 |  3.0
Dodging        | |  1.9

Action                   || total
-------------------------++-------
Melee: Unarmed           ||    10
       Dagger            ||     6
Throw: Boomerang         ||    17
 Cast: Necrotise         ||    66
  Use: Scroll            ||     1
Armor: Robe              ||     6
Dodge: Dodged            ||    30

Table legend: (Time is in decaauts)
 A = Elapsed time spent in this place.
 B = Non-inter-level travel time spent in this place.
 C = Inter-level travel time spent in this place.
 D = Time resting spent in this place.
 E = Time spent auto-exploring this place.
 F = Levels seen in this place.
 G = Mean time per level.
                   A        B        C        D        E       F      G
               +--------+--------+--------+--------+--------+-----+--------+
         Total |   1985 |   1908 |     77 |    223 |   1311 |   3 |  661.7 |
       Dungeon |   1985 |   1908 |     77 |    223 |   1311 |   3 |  661.7 |
               +--------+--------+--------+--------+--------+-----+--------+

Top non-repeatable levels by time:
     D:2: 982 daAuts
     D:1: 717 daAuts
     D:3: 285 daAuts
